 Dungeon Crawl Stone Soup version 0.28-a0-851-g8b9cc49659 (webtiles) character file.

Game seed: 17391724442144458074

1707 bjtr the Destroyer (level 9, -10/62 HPs)
             Began as a Human Conjurer on Nov 14, 2021.
             Killed from afar by an electric eel (11 damage)
             ... with a bolt of electricity
             ... on level 6 of the Dungeon on Nov 15, 2021.
             The game lasted 00:34:39 (5639 turns).

bjtr the Destroyer (Human Conjurer)                 Turns: 5639, Time: 00:34:40

Health: -10/62     AC:  6    Str:  8    XL:     9   Next: 23%
Magic:  18/18      EV: 12    Int: 22    God:
Gold:   315        SH:  5    Dex: 17    Spells: 11/20 levels left

rFire   . . .      SeeInvis .   d - staff of conjuration
rCold   . . .      Faith    .   n - +0 buckler
rNeg    . . .      Spirit   .   G - +0 steam dragon scales
rPois   .          Reflect  .   (no helmet)
rElec   .          Harm     .   o - +0 cloak
rCorr   .          Rampage  .   (no gloves)
Will    .....                   (no boots)
Stlth   +.........              j - amulet of regeneration
HPRegen 1.20/turn               e - ring of wizardry
MPRegen 0.16/turn               B - +6 ring of dexterity

@: very slow
A: no striking features
a: no special abilities


You were on level 6 of the Dungeon.
You visited 2 branches of the dungeon, and saw 7 of its levels.

You collected 315 gold pieces.

Inventory:

Hand Weapons
 a - the +7 captain's cutlass {speed, disarm}
   (You found it on level 5 of the Dungeon)

   Attacks with this weapon are significantly faster.
   It may disarm weapon-wielding foes when striking them, dealing extra damage
   in the process.
 b - the +5 demon whip "Spellbinder" {antimagic, Will+}
   (You found it on level 5 of the Dungeon)

   It reduces the magical energy of the wielder, and disrupts the spells and
   magical abilities of those it strikes.
   Natural abilities and divine invocations are not affected.
   It unleashes wild and unpredictable magical effects upon striking a wizard or
   a creature with magical abilities.
   Will:      It increases your willpower.
 g - a +0 hand axe
 s - a +0 falchion
 A - a +0 flail
 C - a +0 short sword
Missiles
 c - 130 stones
 i - a curare-tipped dart
 m - 69 bolts
 p - 61 poisoned darts
 w - 2 javelins
 z - 13 sling bullets
Armour
 k - a +0 ring mail
 n - a +0 buckler (worn)
 o - a +0 cloak (worn)
 G - +0 steam dragon scales (worn)
Magical Staves
 d - a staff of conjuration (weapon)
Jewellery
 e - a ring of wizardry (left hand)
 j - an amulet of regeneration (around neck)
 B - a +6 ring of dexterity (right hand)
Wands
 t - a wand of iceblast (10)
 x - a wand of mindburst (1)
 y - a wand of digging (3)
 F - a wand of acid (10)
Scrolls
 l - 2 scrolls of teleportation
 D - a scroll of fog
 E - a scroll of amnesia {unknown}
Potions
 f - 3 potions of lignification
 h - 2 potions of curing
 q - a potion of cancellation
 r - a potion of attraction {unknown}
 u - a potion of magic
 v - a potion of heal wounds
 H - a potion of might {unknown}


   Skills:
 + Level 2.9 Fighting
 - Level 2.0 Dodging
 - Level 2.0 Stealth
 - Level 4.0 Shields
 + Level 6.0 Spellcasting
 + Level 8.6 Conjurations
 + Level 0.6 Evocations


You had 11 spell levels left.
You knew the following spells:

 Your Spells              Type           Power      Damage    Failure   Level
a - Magic Dart            Conj           100%       1d8       1%          1
b - Searing Ray           Conj           100%       2d8       1%          2
c - Dazzling Flash        Conj/Hex       76%        N/A       1%          3
d - Mephitic Cloud        Conj/Pois/Air  28%        N/A       3%          3

Your spell library contained the following spells:

 Spells                   Type           Power      Damage    Failure   Level
 Call Imp                 Summ           6%         N/A       6%          2
 Fulminant Prism          Conj/Hex       19%        3d11      6%          4
 Iskenderun's Mystic Bla  Conj/Tloc      38%        2d9       6%          4
 Call Canine Familiar     Summ           6%         N/A       11%         3
 Ignite Poison            Fire/Tmut/Pois 6%         N/A       11%         3
 Portal Projectile        Hex/Tloc       12%        N/A       11%         3
 Freezing Cloud           Conj/Ice/Air   14%        6-21      30%         5
 Leda's Liquefaction      Hex/Erth       3%         N/A       32%         4
 Agony                    Necr           6%         N/A       65%         5
 Silence                  Hex/Air        3%         N/A       65%         5


Dungeon Overview and Level Annotations

Branches:
Dungeon (6/15)             Temple (1/1) D:6

Altars:
Cheibriados
Elyvilon
Gozag
Hepliaklqana
Nemelex Xobeh
Okawaru
Qazlal
Ru
Trog
Xom
Yredelemnul
Zin

Annotations:
D:6 Maggie


Message History

H - a black potion
There is a stone staircase leading down here.
You see here an iguana corpse.
You see here 21 arrows.
You enter the shallow water.
Moving in this stuff is going to be slow.
An electric eel is nearby!
The electric eel shoots out a bolt of lightning at you!
The bolt of electricity hits the plant!
The plant begins to die.
The bolt of electricity hits the plant!
The plant begins to die.
The bolt of electricity hits you!
Maggie the Vainglorious comes into view.
She is wielding a +0 vorpal morningstar.
The electric eel shoots out a bolt of lightning at you!
The bolt of electricity hits the plant!
The bolt of electricity hits you!
An electric eel comes into view.
The electric eel shoots out a bolt of lightning at you!
The bolt of electricity hits the plant!
The bolt of electricity hits you!
Unknown command.
The electric eel shoots out a bolt of lightning at you!
The bolt of electricity hits the plant! x2; The bolt of electricity hits you!
Unknown command.
A nearby plant withers and dies. x2
The electric eel shoots out a bolt of lightning at you!
The bolt of electricity hits you!
The electric eel shoots out a bolt of lightning at you!
The bolt of electricity hits you.
* * * LOW HITPOINT WARNING * * *
The electric eel shoots out a bolt of lightning at you!
The bolt of electricity misses you.
The electric eel shoots out a bolt of lightning at you!
The bolt of electricity hits the electric eel.
The electric eel completely resists.
The bolt of electricity hits you!
* * * LOW HITPOINT WARNING * * *
The electric eel shoots out a bolt of lightning at you!
The bolt of electricity hits you!
* * * LOW HITPOINT WARNING * * *
The electric eel shoots out a bolt of lightning at you!
The bolt of electricity misses the electric eel.
The bolt of electricity hits you!
You die...

...#....≈♣P≈≈≈♣≈≈≈≈≈≈≈≈≈
.#)##..≈♣≈≈≈≈≈≈≈≈≈≈≈≈≈≈≈
....).)≈♣P≈≈≈≈≈≈≈≈≈≈≈≈≈≈
.#.####♣♣P≈P≈♣≈≈≈≈≈≈≈≈≈≈≈≈
...# ≈♣♣≈P≈≈≈≈≈≈≈WS≈≈≈
.### ##♣≈≈≈≈≈≈≈≈≈≈S≈≈≈≈≈
.# #≈≈♣≈≈≈≈≈≈≈≈≈≈≈≈≈ .#
#♣≈≈≈≈♣≈≈S≈≈≈≈≈≈ ≈ .#
#..#≈♣♣@♣♣♣♣♣≈♣♣♣♣ ≈♣ .#
####.####<#♣≈≈S≈S♣≈≈#.# .#
#....####.......†....)# .#
#.#.......##.####...### .#
#...#####.##.......## ####
##..## #.......#### ...#
##.#.#######..#.#
...####.###.........#.#
...'.....#.########.#.#


You could see a phantom and 3 electric eels.

Vanquished Creatures
  Prince Ribbit (D:6)
  Eustachio (D:6)
  A steam dragon (D:6)
  Menkaure (D:4)
  An ice beast (D:5)
  A black bear (D:5)
  A necrophage (D:4)
  A centaur (D:3)
  A kobold brigand (D:5)
  3 scorpions
  A bullfrog (D:5)
  An electric eel (D:6)
  An orc priest (D:3)
  3 hounds
  A bullfrog skeleton (D:5)
  An orc wizard (D:6)
  A scorpion zombie (D:5)
  An iguana (D:6)
  A hound skeleton (D:4)
  5 adders
  A shadow imp (D:5)
  3 worms
  2 dart slugs
  10 orcs
  6 ball pythons
  5 bats
  4 endoplasms
  6 goblins
  4 hobgoblins
  2 jackals (D:2)
  16 kobolds
  7 quokkas
  2 frilled lizards
  4 rats
100 creatures vanquished.

Vanquished Creatures (others)
  An electric eel (D:6)
  An orc wizard (D:3)
  A bat (D:3)
  3 fungi (D:2)
  24 plants
30 creatures vanquished.

Grand Total: 130 creatures vanquished

Notes
Turn   | Place    | Note
-------+----------+-------------------------------------------
     0 | D:1      | bjtr the Human Conjurer began the quest for the Orb.
     0 | D:1      | Reached XP level 1. HP: 13/13 MP: 3/3
   161 | D:1      | Reached XP level 2. HP: 18/19 MP: 0/5
   164 | D:1      | Learned a level 2 spell: Searing Ray
   667 | D:1      | Reached XP level 3. HP: 23/24 MP: 6/6
  1015 | D:1      | Upgraded the game from 0.28-a0-850-g09de17f5b5 to
                  | 0.28-a0-851-g8b9cc49659
  1052 | D:2      | Found a faded altar of an unknown god.
  1191 | D:2      | Reached skill level 5 in Conjurations
  1451 | D:2      | Reached XP level 4. HP: 31/31 MP: 1/7
  1797 | D:3      | Noticed a centaur
  1872 | D:2      | Learned a level 3 spell: Dazzling Flash
  2058 | D:3      | Killed a centaur
  2059 | D:3      | Reached skill level 1 in Fighting
  2059 | D:3      | Reached XP level 5. HP: 18/37 MP: 0/9
  2161 | D:3      | Found a white marble altar of Elyvilon.
  2370 | D:3      | Reached skill level 6 in Conjurations
  2376 | D:3      | Reached XP level 6. HP: 17/43 MP: 0/10
  2651 | D:4      | Learned a level 3 spell: Mephitic Cloud
  2759 | D:4      | Noticed Menkaure
  2832 | D:4      | Killed Menkaure
  2833 | D:4      | Reached skill level 1 in Shields
  2833 | D:4      | Reached XP level 7. HP: 48/48 MP: 6/12
  3217 | D:4      | Reached skill level 7 in Conjurations
  3359 | D:5      | Entered Level 5 of the Dungeon
  3495 | D:5      | Reached XP level 8. HP: 54/56 MP: 3/14
  3707 | D:5      | Found the +5 demon whip "Spellbinder" {antimagic, Will+}
  3709 | D:5      | Found a shimmering altar of Xom.
  3805 | D:5      | Found the +7 captain's cutlass {speed, disarm}
  4015 | D:5      | Found an iron altar of Okawaru.
  4185 | D:6      | Noticed Prince Ribbit
  4190 | D:6      | Killed Prince Ribbit
  4287 | D:5      | HP: 2/57 [kobold brigand (4)]
  4292 | D:5      | Reached skill level 5 in Spellcasting
  4292 | D:5      | Reached skill level 8 in Conjurations
  4887 | D:6      | Noticed Eustachio
  4953 | D:6      | Reached XP level 9. HP: 62/62 MP: 2/17
  4957 | D:6      | Killed Eustachio
  5157 | D:6      | Found a staircase to the Ecumenical Temple.
  5164 | Temple   | Entered the Ecumenical Temple
  5636 | D:6      | Noticed Maggie
  5639 | D:6      | HP: 1/62 [electric eel/bolt of electricity (8)]
  5639 | D:6      | Killed from afar by an electric eel

Illustrated notes

Levels and vault maps discovered:
D:1:      dpeg_arrival_simpleton_c, layout_basic, minmay_tetromino_l4
D:2:      layout_rooms, shapermc_ecumenical_altar_mp_urbaneastern
D:3:      layout_rooms, elyvilon_altar_4, eino_tiny_chamber
D:4:      layout_cave_pools, uniq_menkaure
D:5:      layout_rooms, nicolae_overflow_crystal_walls, lemuel_tele_altar,
          nicolae_sextant
D:6:      layout_loops_ring, temple_green, serial_bayou_lake_a, uniq_maggie,
          uniq_prince_ribbit1, uniq_eustachio
Temple:   jpeg_temple_island

Skill      XL: |  1  2  3  4  5  6  7  8  9 |
---------------+----------------------------+-----
Conjurations   | 5 6 7 8 |  8.6
Fighting       | 1 2 |  2.9
Spellcasting   | 3 4 5 6 |  6.0
Shields        | 1 2 3 4 |  4.0
Dodging        | |  2.0
Stealth        | |  2.0
Evocations     | |  0.6

Action                   |  1- 3 |  4- 6 |  7- 9 || total
-------------------------+-------+-------+-------++-------
Melee: Staff             |    49 |     9 |    44 ||   102
 Cast: Magic Dart        |    19 |     8 |     1 ||    28
       Searing Ray       |     9 |    20 |    33 ||    62
       Dazzling Flash    |       |     1 |       ||     1
       Mephitic Cloud    |       |       |    12 ||    12
Evoke: Wand              |       |       |     8 ||     8
  Use: Scroll            |     2 |       |     7 ||     9
       Potion            |       |       |     1 ||     1
 Stab: Sleeping          |     3 |     1 |     2 ||     6
       Confused          |       |       |     3 ||     3
Armor: Robe              |    18 |     5 |    18 ||    41
Dodge: Dodged            |    48 |     6 |    46 ||   100
Block: Buckler           |       |       |    19 ||    19

Table legend: (Time is in decaauts)
 A = Elapsed time spent in this place.
 B = Non-inter-level travel time spent in this place.
 C = Inter-level travel time spent in this place.
 D = Time resting spent in this place.
 E = Time spent auto-exploring this place.
 F = Levels seen in this place.
 G = Mean time per level.
                   A        B        C        D        E       F      G
               +--------+--------+--------+--------+--------+-----+--------+
         Total |   5719 |   5614 |    105 |   1364 |   3041 |   7 |  817.0 |
       Dungeon |   5438 |   5333 |    105 |   1364 |   2777 |   6 |  906.3 |
        Temple |    280 |    280 |      0 |      0 |    264 |   1 |  280.0 |
               +--------+--------+--------+--------+--------+-----+--------+

Top non-repeatable levels by time:
     D:5: 1063 daAuts
     D:1: 1034 daAuts
     D:6: 999 daAuts
     D:3: 905 daAuts
     D:2: 746 daAuts
     D:4: 689 daAuts
  Temple: 280 daAuts
